[ AOE2 MATCH · #503878572 ]
UnrankedHindustanis vs Berbers
[ REPLAY ANALYSIS · EXTRACTED FROM THE RECORDED GAME ]
Feudal
10:58
Castle
19:45
Imperial
—
| APM avg | 47.7 |
| APM peak | 86 |
| eAPM avg | 26.9 |
| Villagers / military | 120 / 59 |
Focus
⚔️ 41.4% · 🌾 58.6%
Camel Scout ×34 · Scout Cavalry ×17 · Fishing Ship ×7 · Galley ×5 · Spearman ×3 · Trade Cog ×1
Feudal
15:17
Castle
19:01
Imperial
—
| APM avg | 41.8 |
| APM peak | 84 |
| eAPM avg | 26.0 |
| Villagers / military | 122 / 19 |
Focus
⚔️ 29.9% · 🌾 70.1%
Knight ×10 · Chu Ko Nu ×9 · Fishing Ship ×4
Feudal
12:42
Castle
16:22
Imperial
—
| APM avg | 43.9 |
| APM peak | 86 |
| eAPM avg | 20.1 |
| Villagers / military | 117 / 60 |
Focus
⚔️ 31.5% · 🌾 68.5%
Camel Archer ×57 · Battering Ram ×2 · Mangonel ×1
Feudal
14:03
Castle
21:46
Imperial
35:46
| APM avg | 37.1 |
| APM peak | 63 |
| eAPM avg | 27.0 |
| Villagers / military | 137 / 13 |
Focus
⚔️ 23.1% · 🌾 76.9%
Fishing Ship ×20 · Iron Pagoda ×12 · Turtle Ship ×1
Feudal
12:45
Castle
23:09
Imperial
—
| APM avg | 47.6 |
| APM peak | 71 |
| eAPM avg | 18.8 |
| Villagers / military | 103 / 52 |
Focus
⚔️ 30.2% · 🌾 69.8%
Magyar Huszar ×33 · Scout Cavalry ×10 · Monk ×7 · Mangonel ×2
Feudal
14:07
Castle
18:14
Imperial
36:35
| APM avg | 49.8 |
| APM peak | 82 |
| eAPM avg | 25.5 |
| Villagers / military | 122 / 57 |
Focus
⚔️ 23.3% · 🌾 76.7%
Rattan Archer ×48 · Fishing Ship ×7 · Monk ×3 · Mangonel ×2 · Battering Ram ×2 · Trebuchet (Packed) ×2
Match map
Initial resources + every placement click. Lines = walls · curves = elevation contours. ◆ gold · ⬟ stone · ● berries · ✦ relic · ◌ wall gap
Your base· Open — unwalled flank
Molle's base· Open — 4t gap
LM | kingofthrowing123's base· Open — unwalled flank
NOC | Nervkeks's base· Open — unwalled flank
LM | Scogx's base· Open — unwalled flank
LM | MaisterNippon's base· Open — 5t gap
Smoothed initial terrain · ◌ = detected wall gap · hover for details
Inputs per minute
— NOC | Mr.Dobbsn - - Molle
Build order — NOC | Mr.Dobbsn
First 150 of 291 actions detected
| 0:05 | Build | Town Center |
| 1:31 | Build | House |
| 2:08 | Queue | Villager (Male) |
| 2:08 | Queue | Villager (Male) |
| 2:09 | Queue | Villager (Male) |
| 2:09 | Queue | Villager (Male) |
| 2:48 | Queue | Villager (Male) |
| 3:23 | Queue | Villager (Male) |
| 3:39 | Queue | Villager (Male) |
| 3:50 | Build | Lumber Camp |
| 4:09 | Queue | Villager (Male) |
| 4:09 | Queue | Villager (Male) |
| 4:09 | Queue | Villager (Male) |
| 4:10 | Queue | Villager (Male) |
| 4:17 | Build | House |
| 4:47 | Queue | Villager (Male) |
| 4:58 | Queue | Villager (Male) |
| 4:59 | Queue | Villager (Male) |
| 5:46 | Queue | Villager (Male) |
| 5:55 | Build | House |
| 5:57 | Queue | Villager (Male) |
| 6:21 | Queue | Villager (Male) |
| 6:48 | Queue | Villager (Male) |
| 7:24 | Queue | Villager (Male) |
| 7:49 | Queue | Villager (Male) |
| 7:58 | Research | Loom |
| 8:12 | Build | Dock |
| 8:18 | Queue | Villager (Male) |
| 8:35 | Build | House |
| 8:48 | Research | Feudal Age |
| 8:49 | Research | Feudal Age |
| 8:54 | Queue | Fishing Ship |
| 9:39 | Build | Barracks |
| 9:50 | Queue | Villager (Male) |
| 10:27 | Build | Palisade Wall |
| 10:38 | Queue | Fishing Ship |
| 10:58 | Age | Feudal Age |
| 11:01 | Queue | Villager (Male) |
| 11:03 | Build | Stable |
| 11:13 | Research | Double-Bit Axe |
| 11:13 | Research | Double-Bit Axe |
| 11:17 | Queue | Villager (Male) |
| 11:41 | Build | House |
| 11:42 | Queue | Fishing Ship |
| 11:46 | Queue | Scout Cavalry |
| 12:00 | Queue | Fishing Ship |
| 12:02 | Build | House |
| 12:12 | Queue | Villager (Male) |
| 12:14 | Queue | Scout Cavalry |
| 12:31 | Queue | Villager (Male) |
| 12:35 | Queue | Scout Cavalry |
| 12:38 | Queue | Fishing Ship |
| 12:49 | Build | Mill |
| 12:50 | Queue | Villager (Male) |
| 13:04 | Build | House |
| 13:06 | Queue | Fishing Ship |
| 13:24 | Queue | Villager (Male) |
| 13:32 | Queue | Villager (Male) |
| 13:34 | Build | Mining Camp |
| 13:40 | Build | House |
| 14:04 | Queue | Villager (Male) |
| 14:13 | Queue | Villager (Male) |
| 14:22 | Build | Palisade Wall |
| 14:24 | Build | Blacksmith |
| 14:31 | Queue | Villager (Male) |
| 14:52 | Build | House |
| 14:53 | Build | Palisade Wall |
| 14:57 | Queue | Villager (Male) |
| 15:02 | Queue | Fishing Ship |
| 15:04 | Queue | Galley |
| 15:09 | Research | Fishing Lines |
| 15:37 | Queue | Villager (Male) |
| 15:46 | Build | Palisade Wall |
| 15:47 | Build | Palisade Wall |
| 16:04 | Queue | Villager (Male) |
| 16:13 | Build | Market |
| 16:16 | Queue | Villager (Male) |
| 16:19 | Queue | Spearman |
| 16:27 | Build | House |
| 16:29 | Build | Palisade Wall |
| 16:59 | Build | House |
| 17:00 | Build | Palisade Wall |
| 17:05 | Research | Castle Age |
| 17:05 | Research | Castle Age |
| 17:09 | Build | House |
| 17:10 | Build | Palisade Wall |
| 17:12 | Build | Palisade Wall |
| 17:14 | Build | House |
| 17:17 | Build | Palisade Wall |
| 17:18 | Build | Palisade Wall |
| 17:32 | Queue | Spearman |
| 17:48 | Queue | Spearman |
| 18:01 | Build | House |
| 18:08 | Research | Scale Barding Armor |
| 18:11 | Build | House |
| 19:01 | Queue | Villager (Male) |
| 19:03 | Queue | Trade Cog |
| 19:16 | Build | Watch Tower |
| 19:24 | Queue | Villager (Male) |
| 19:45 | Age | Castle Age |
| 19:47 | Queue | Camel Scout |
| 19:47 | Queue | Camel Scout |
| 20:30 | Build | Watch Tower |
| 20:38 | Build | Fish Trap |
| 20:39 | Build | Fish Trap |
| 20:40 | Queue | Villager (Male) |
| 20:48 | Build | House |
| 20:53 | Queue | Villager (Male) |
| 21:16 | Queue | Villager (Male) |
| 21:34 | Build | Fish Trap |
| 21:54 | Queue | Villager (Male) |
| 22:03 | Queue | Villager (Male) |
| 22:16 | Queue | Galley |
| 22:16 | Queue | Galley |
| 22:16 | Queue | Galley |
| 22:20 | Queue | Villager (Male) |
| 22:20 | Queue | Villager (Male) |
| 22:23 | Build | Farm |
| 22:36 | Build | Lumber Camp |
| 22:37 | Queue | Villager (Male) |
| 22:55 | Build | Mining Camp |
| 22:58 | Queue | Galley |
| 23:14 | Queue | Villager (Male) |
| 23:14 | Queue | Villager (Male) |
| 23:19 | Build | Fish Trap |
| 23:30 | Queue | Villager (Male) |
| 23:31 | Build | Farm |
| 23:54 | Build | Fish Trap |
| 23:58 | Build | House |
| 24:01 | Build | Farm |
| 24:07 | Build | Farm |
| 24:11 | Queue | Villager (Male) |
| 24:25 | Queue | Villager (Male) |
| 24:25 | Queue | Villager (Male) |
| 24:29 | Build | Town Center |
| 24:39 | Queue | Camel Scout |
| 24:39 | Queue | Camel Scout |
| 24:50 | Build | House |
| 24:53 | Build | Palisade Wall |
| 25:00 | Queue | Villager (Male) |
| 25:00 | Queue | Villager (Male) |
| 25:03 | Build | Palisade Wall |
| 25:05 | Build | Palisade Wall |
| 25:22 | Build | Palisade Wall |
| 25:24 | Build | Palisade Wall |
| 25:35 | Queue | Camel Scout |
| 25:35 | Queue | Camel Scout |
| 25:56 | Queue | Villager (Male) |
| 25:59 | Build | Fish Trap |
| 26:09 | Queue | Camel Scout |
Build order — Molle
First 150 of 297 actions detected
| 0:28 | Build | Lumber Camp |
| 0:44 | Build | Town Center |
| 1:03 | Build | House |
| 2:47 | Research | Loom |
| 2:54 | Build | Palisade Wall |
| 2:55 | Build | Palisade Wall |
| 2:56 | Build | Palisade Wall |
| 2:57 | Build | Palisade Wall |
| 3:18 | Queue | Villager (Male) |
| 3:41 | Build | House |
| 3:46 | Queue | Villager (Male) |
| 4:07 | Queue | Villager (Male) |
| 4:35 | Queue | Villager (Male) |
| 5:03 | Queue | Villager (Male) |
| 5:12 | Build | Palisade Wall |
| 5:23 | Queue | Villager (Male) |
| 5:27 | Build | Palisade Wall |
| 5:43 | Build | Palisade Wall |
| 5:54 | Queue | Villager (Male) |
| 6:15 | Queue | Villager (Male) |
| 6:45 | Build | House |
| 6:48 | Queue | Villager (Male) |
| 7:04 | Queue | Villager (Male) |
| 7:34 | Build | Palisade Wall |
| 7:38 | Build | Palisade Wall |
| 7:42 | Queue | Villager (Male) |
| 7:46 | Build | House |
| 7:55 | Build | House |
| 8:01 | Queue | Villager (Male) |
| 8:05 | Build | Lumber Camp |
| 8:09 | Queue | Villager (Male) |
| 8:15 | Build | House |
| 8:30 | Build | House |
| 8:36 | Queue | Villager (Male) |
| 8:40 | Build | Palisade Wall |
| 8:48 | Build | Palisade Wall |
| 8:52 | Build | Palisade Wall |
| 8:57 | Queue | Villager (Male) |
| 9:00 | Build | Palisade Wall |
| 9:09 | Build | House |
| 9:18 | Build | Palisade Wall |
| 9:22 | Build | House |
| 9:27 | Build | House |
| 9:38 | Build | House |
| 9:46 | Queue | Villager (Male) |
| 9:51 | Queue | Villager (Male) |
| 9:59 | Build | House |
| 10:00 | Build | Mill |
| 10:04 | Build | Mill |
| 10:35 | Queue | Villager (Male) |
| 10:41 | Queue | Villager (Male) |
| 11:12 | Queue | Villager (Male) |
| 11:52 | Queue | Villager (Male) |
| 12:12 | Queue | Villager (Male) |
| 12:19 | Build | House |
| 12:24 | Build | Mining Camp |
| 12:31 | Queue | Villager (Male) |
| 12:37 | Build | Lumber Camp |
| 12:47 | Research | Feudal Age |
| 13:01 | Build | Palisade Wall |
| 13:01 | Queue | Villager (Male) |
| 13:05 | Build | Palisade Wall |
| 13:09 | Build | Palisade Wall |
| 13:09 | Queue | Villager (Male) |
| 13:14 | Build | Palisade Wall |
| 13:15 | Build | House |
| 13:18 | Queue | Villager (Male) |
| 13:43 | Build | Palisade Wall |
| 14:12 | Build | Palisade Wall |
| 14:17 | Build | Palisade Wall |
| 14:27 | Build | Barracks |
| 14:28 | Build | House |
| 15:17 | Age | Feudal Age |
| 15:19 | Build | Stable |
| 15:39 | Build | Blacksmith |
| 15:45 | Queue | Villager (Male) |
| 16:04 | Research | Double-Bit Axe |
| 16:10 | Build | Farm |
| 16:20 | Build | Farm |
| 16:22 | Research | Castle Age |
| 16:38 | Build | Farm |
| 16:48 | Research | Gold Mining |
| 17:02 | Build | Farm |
| 17:30 | Build | Farm |
| 17:37 | Build | Farm |
| 17:42 | Research | Scale Barding Armor |
| 17:48 | Research | Horse Collar |
| 17:55 | Build | Farm |
| 18:38 | Build | Dock |
| 18:44 | Queue | Villager (Male) |
| 18:53 | Research | Scale Barding Armor |
| 19:01 | Age | Castle Age |
| 19:03 | Build | Farm |
| 19:04 | Queue | Knight |
| 19:06 | Research | Scale Barding Armor |
| 19:06 | Research | Bow Saw |
| 19:08 | Queue | Villager (Male) |
| 19:16 | Build | Farm |
| 19:17 | Queue | Fishing Ship |
| 19:24 | Build | House |
| 19:26 | Build | House |
| 19:32 | Queue | Knight |
| 19:41 | Build | Farm |
| 19:43 | Queue | Villager (Male) |
| 19:53 | Queue | Knight |
| 20:00 | Queue | Fishing Ship |
| 20:03 | Queue | Villager (Male) |
| 20:07 | Build | House |
| 20:29 | Queue | Villager (Male) |
| 20:31 | Queue | Knight |
| 20:32 | Queue | Villager (Male) |
| 20:34 | Build | House |
| 20:36 | Research | Town Watch |
| 20:45 | Build | Fish Trap |
| 20:47 | Queue | Fishing Ship |
| 20:47 | Queue | Villager (Male) |
| 21:09 | Queue | Knight |
| 21:17 | Queue | Villager (Male) |
| 21:18 | Queue | Knight |
| 21:33 | Build | Town Center |
| 21:44 | Queue | Villager (Male) |
| 21:47 | Queue | Knight |
| 21:57 | Queue | Villager (Male) |
| 22:01 | Build | Stone Wall |
| 22:19 | Queue | Villager (Male) |
| 22:20 | Queue | Knight |
| 22:24 | Build | Stable |
| 22:30 | Queue | Villager (Male) |
| 22:32 | Build | Farm |
| 22:33 | Build | Farm |
| 22:45 | Queue | Villager (Male) |
| 22:51 | Build | Gate |
| 22:54 | Queue | Villager (Male) |
| 22:55 | Build | Farm |
| 22:56 | Build | Farm |
| 23:25 | Build | Farm |
| 23:28 | Queue | Villager (Male) |
| 23:37 | Build | Fish Trap |
| 23:49 | Queue | Knight |
| 23:49 | Queue | Villager (Male) |
| 23:54 | Queue | Villager (Male) |
| 24:01 | Queue | Knight |
| 24:10 | Build | Farm |
| 24:11 | Queue | Villager (Male) |
| 24:13 | Build | Farm |
| 24:14 | Build | Farm |
| 24:19 | Build | Town Center |
| 24:30 | Queue | Villager (Male) |
| 24:41 | Queue | Villager (Male) |
| 24:55 | Queue | Villager (Male) |
Build order — LM | kingofthrowing123
First 150 of 290 actions detected
| 0:29 | Build | Town Center |
| 0:34 | Build | House |
| 2:37 | Queue | Villager (Male) |
| 2:37 | Queue | Villager (Male) |
| 2:37 | Queue | Villager (Male) |
| 2:38 | Queue | Villager (Male) |
| 3:37 | Build | Palisade Wall |
| 3:38 | Queue | Villager (Male) |
| 3:43 | Build | Palisade Wall |
| 3:51 | Build | House |
| 3:58 | Build | House |
| 4:02 | Build | Palisade Wall |
| 4:12 | Build | House |
| 4:16 | Queue | Villager (Male) |
| 4:22 | Build | Palisade Wall |
| 4:29 | Build | Palisade Wall |
| 4:37 | Queue | Villager (Male) |
| 4:51 | Build | Lumber Camp |
| 5:05 | Queue | Villager (Male) |
| 5:33 | Queue | Villager (Male) |
| 5:43 | Queue | Villager (Male) |
| 6:11 | Queue | Villager (Male) |
| 6:18 | Build | House |
| 6:23 | Queue | Villager (Male) |
| 6:39 | Build | Palisade Wall |
| 7:13 | Queue | Villager (Male) |
| 7:15 | Queue | Villager (Male) |
| 7:34 | Queue | Villager (Male) |
| 7:46 | Build | Mill |
| 7:49 | Queue | Villager (Male) |
| 8:07 | Build | House |
| 8:09 | Build | Palisade Gate |
| 8:10 | Build | Palisade Wall |
| 8:13 | Build | House |
| 8:14 | Build | Palisade Wall |
| 8:15 | Build | Palisade Wall |
| 8:15 | Build | Palisade Wall |
| 8:16 | Build | Palisade Wall |
| 8:24 | Queue | Villager (Male) |
| 8:40 | Queue | Villager (Male) |
| 9:03 | Research | Loom |
| 9:21 | Build | Mining Camp |
| 10:22 | Research | Feudal Age |
| 10:30 | Build | Palisade Wall |
| 10:34 | Build | Palisade Wall |
| 10:35 | Build | Palisade Wall |
| 10:36 | Build | Palisade Wall |
| 11:12 | Build | Outpost |
| 11:31 | Queue | Villager (Male) |
| 11:32 | Queue | Villager (Male) |
| 12:42 | Age | Feudal Age |
| 12:44 | Build | Market |
| 12:50 | Build | Blacksmith |
| 13:42 | Research | Castle Age |
| 14:52 | Queue | Villager (Male) |
| 14:54 | Queue | Villager (Male) |
| 15:04 | Research | Double-Bit Axe |
| 15:29 | Queue | Villager (Male) |
| 16:22 | Age | Castle Age |
| 16:25 | Queue | Villager (Male) |
| 16:37 | Build | Castle |
| 17:03 | Queue | Villager (Male) |
| 17:22 | Queue | Villager (Male) |
| 17:23 | Queue | Villager (Male) |
| 17:28 | Build | Palisade Wall |
| 17:29 | Queue | Camel Archer ×2 |
| 18:07 | Queue | Camel Archer |
| 18:25 | Queue | Villager (Male) |
| 18:34 | Build | Siege Workshop |
| 18:34 | Queue | Camel Archer |
| 18:48 | Queue | Camel Archer |
| 18:49 | Queue | Villager (Male) |
| 18:58 | Queue | Villager (Male) |
| 19:19 | Build | Mill |
| 19:28 | Queue | Mangonel |
| 19:41 | Queue | Camel Archer |
| 20:15 | Queue | Camel Archer |
| 20:23 | Queue | Villager (Male) |
| 20:31 | Queue | Camel Archer |
| 20:31 | Queue | Camel Archer |
| 20:49 | Queue | Camel Archer |
| 20:49 | Queue | Camel Archer |
| 20:53 | Research | Fletching |
| 21:06 | Queue | Camel Archer |
| 21:10 | Queue | Villager (Male) |
| 21:28 | Build | Town Center |
| 21:38 | Queue | Camel Archer |
| 21:40 | Queue | Villager (Male) |
| 21:53 | Queue | Camel Archer |
| 22:00 | Queue | Camel Archer |
| 22:10 | Queue | Camel Archer |
| 22:13 | Queue | Villager (Male) |
| 22:13 | Queue | Villager (Male) |
| 22:25 | Queue | Villager (Male) |
| 22:41 | Queue | Villager (Male) |
| 22:42 | Build | House |
| 22:43 | Build | House |
| 22:51 | Queue | Camel Archer |
| 22:51 | Queue | Camel Archer |
| 23:09 | Research | Bodkin Arrow |
| 23:18 | Build | Farm |
| 23:19 | Build | Farm |
| 23:22 | Queue | Villager (Male) |
| 23:23 | Queue | Villager (Male) |
| 23:39 | Build | Farm |
| 23:40 | Build | Farm |
| 23:42 | Queue | Camel Archer |
| 23:55 | Queue | Battering Ram |
| 24:05 | Queue | Camel Archer |
| 24:06 | Queue | Villager (Male) |
| 24:06 | Queue | Villager (Male) |
| 24:07 | Queue | Villager (Male) |
| 24:24 | Queue | Villager (Male) |
| 24:35 | Queue | Villager (Male) |
| 24:40 | Queue | Camel Archer |
| 24:53 | Queue | Villager (Male) |
| 24:59 | Queue | Villager (Male) |
| 25:00 | Queue | Camel Archer |
| 25:01 | Queue | Villager (Male) |
| 25:01 | Queue | Villager (Male) |
| 25:16 | Queue | Battering Ram |
| 25:18 | Queue | Villager (Male) |
| 25:30 | Queue | Camel Archer |
| 25:44 | Queue | Villager (Male) |
| 25:48 | Build | House |
| 25:49 | Build | House |
| 25:51 | Queue | Camel Archer |
| 25:59 | Build | House |
| 25:59 | Build | House |
| 26:04 | Queue | Villager (Male) |
| 26:11 | Build | House |
| 26:13 | Queue | Villager (Male) |
| 26:15 | Research | Padded Archer Armor |
| 26:18 | Queue | Camel Archer |
| 26:30 | Queue | Camel Archer |
| 27:02 | Queue | Camel Archer |
| 28:11 | Queue | Camel Archer |
| 28:25 | Queue | Camel Archer |
| 28:46 | Queue | Camel Archer |
| 28:46 | Queue | Camel Archer |
| 28:57 | Queue | Camel Archer |
| 29:02 | Queue | Villager (Male) |
| 29:02 | Queue | Villager (Male) |
| 29:02 | Queue | Villager (Male) |
| 29:03 | Queue | Villager (Male) |
| 29:03 | Queue | Villager (Male) |
| 29:04 | Queue | Villager (Male) |
| 29:05 | Queue | Villager (Male) |
| 29:08 | Build | Town Center |
| 29:21 | Queue | Villager (Male) |
Build order — NOC | Nervkeks
First 150 of 325 actions detected
| 0:21 | Build | Town Center |
| 2:54 | Queue | Villager (Male) |
| 2:54 | Queue | Villager (Male) |
| 2:54 | Queue | Villager (Male) |
| 3:07 | Queue | Villager (Male) |
| 3:09 | Build | House |
| 4:07 | Queue | Villager (Male) |
| 4:30 | Build | Lumber Camp |
| 4:31 | Queue | Villager (Male) |
| 5:05 | Queue | Villager (Male) |
| 5:22 | Queue | Villager (Male) |
| 5:41 | Queue | Villager (Male) |
| 5:49 | Build | House |
| 5:53 | Research | Loom |
| 5:56 | Queue | Villager (Male) |
| 5:56 | Queue | Villager (Male) |
| 6:16 | Queue | Villager (Male) |
| 6:43 | Queue | Villager (Male) |
| 6:46 | Build | House |
| 6:48 | Build | Palisade Wall |
| 7:33 | Queue | Villager (Male) |
| 7:33 | Queue | Villager (Male) |
| 7:58 | Queue | Villager (Male) |
| 7:59 | Queue | Villager (Male) |
| 8:00 | Queue | Villager (Male) |
| 8:11 | Build | Dock |
| 8:46 | Queue | Villager (Male) |
| 8:47 | Queue | Villager (Male) |
| 8:52 | Queue | Fishing Ship |
| 8:58 | Build | House |
| 9:17 | Build | Palisade Wall |
| 9:20 | Queue | Villager (Male) |
| 9:23 | Queue | Fishing Ship |
| 9:28 | Build | Palisade Wall |
| 9:32 | Build | Palisade Wall |
| 9:55 | Queue | Fishing Ship |
| 10:40 | Build | Dock |
| 10:59 | Build | House |
| 11:11 | Build | House |
| 11:15 | Queue | Villager (Male) |
| 11:20 | Queue | Fishing Ship |
| 11:53 | Research | Feudal Age |
| 11:56 | Build | Mining Camp |
| 12:07 | Queue | Fishing Ship |
| 12:34 | Build | Mill |
| 12:37 | Build | Palisade Wall |
| 12:42 | Build | Palisade Wall |
| 12:50 | Queue | Fishing Ship |
| 13:01 | Queue | Fishing Ship |
| 13:33 | Queue | Fishing Ship |
| 13:34 | Queue | Fishing Ship |
| 13:36 | Queue | Villager (Male) |
| 13:44 | Queue | Villager (Male) |
| 14:03 | Age | Feudal Age |
| 14:12 | Build | Market |
| 14:31 | Build | Palisade Gate |
| 14:32 | Build | House |
| 14:46 | Research | Double-Bit Axe |
| 14:47 | Queue | Villager (Male) |
| 14:59 | Build | Fish Trap |
| 15:07 | Queue | Villager (Male) |
| 15:12 | Build | House |
| 15:24 | Queue | Fishing Ship |
| 15:30 | Queue | Villager (Male) |
| 15:36 | Queue | Fishing Ship |
| 15:53 | Build | Blacksmith |
| 16:00 | Queue | Villager (Male) |
| 16:02 | Build | House |
| 16:12 | Build | Lumber Camp |
| 16:34 | Queue | Villager (Male) |
| 16:50 | Queue | Villager (Male) |
| 16:54 | Build | Fish Trap |
| 17:00 | Build | Fish Trap |
| 17:07 | Build | Fish Trap |
| 17:14 | Queue | Fishing Ship |
| 17:22 | Queue | Villager (Male) |
| 17:26 | Build | House |
| 17:31 | Build | Lumber Camp |
| 17:41 | Queue | Fishing Ship |
| 17:49 | Queue | Villager (Male) |
| 18:01 | Build | Fish Trap |
| 18:08 | Build | Fish Trap |
| 18:16 | Queue | Villager (Male) |
| 18:29 | Build | Watch Tower |
| 18:37 | Build | Mining Camp |
| 18:41 | Queue | Villager (Male) |
| 18:50 | Build | Fish Trap |
| 18:56 | Build | Fish Trap |
| 19:00 | Build | Fish Trap |
| 19:06 | Research | Castle Age |
| 19:39 | Research | Fishing Lines |
| 19:44 | Queue | Fishing Ship |
| 19:48 | Queue | Fishing Ship |
| 20:42 | Build | Dock |
| 20:50 | Queue | Villager (Male) |
| 20:59 | Build | Fish Trap |
| 21:01 | Build | Fish Trap |
| 21:03 | Build | Fish Trap |
| 21:06 | Build | Fish Trap |
| 21:07 | Queue | Fishing Ship |
| 21:14 | Queue | Villager (Male) |
| 21:46 | Age | Castle Age |
| 21:57 | Queue | Villager (Male) |
| 22:02 | Build | Town Center |
| 22:07 | Build | Town Center |
| 22:09 | Research | Bow Saw |
| 22:12 | Build | Fish Trap |
| 22:13 | Queue | Fishing Ship |
| 22:18 | Research | Gillnets |
| 22:26 | Queue | Villager (Male) |
| 22:29 | Queue | Fishing Ship |
| 22:41 | Build | House |
| 22:43 | Build | House |
| 22:48 | Research | Gold Mining |
| 22:54 | Research | Stone Mining |
| 22:55 | Build | House |
| 22:59 | Build | Fish Trap |
| 23:06 | Queue | Villager (Male) |
| 23:10 | Research | Wheelbarrow |
| 23:17 | Queue | Fishing Ship |
| 23:18 | Queue | Villager (Male) |
| 23:19 | Queue | Villager (Male) |
| 23:34 | Research | Fletching |
| 23:44 | Queue | Fishing Ship |
| 23:48 | Queue | Villager (Male) |
| 23:57 | Build | Siege Workshop |
| 24:03 | Queue | Villager (Male) |
| 24:03 | Queue | Villager (Male) |
| 24:06 | Queue | Villager (Male) |
| 24:06 | Queue | Villager (Male) |
| 24:10 | Build | Fish Trap |
| 24:12 | Build | Fish Trap |
| 24:15 | Queue | Villager (Male) |
| 24:16 | Queue | Villager (Male) |
| 24:26 | Queue | Villager (Male) |
| 24:27 | Queue | Villager (Male) |
| 24:31 | Build | Town Center |
| 24:37 | Queue | Villager (Male) |
| 24:42 | Queue | Villager (Male) |
| 24:42 | Queue | Villager (Male) |
| 24:45 | Queue | Iron Pagoda |
| 24:50 | Queue | Villager (Male) |
| 25:03 | Queue | Iron Pagoda |
| 25:08 | Queue | Villager (Male) |
| 25:19 | Queue | Villager (Male) |
| 25:30 | Queue | Villager (Male) |
| 25:38 | Research | War Galley (upgrade) |
| 25:46 | Queue | Villager (Male) |
| 25:46 | Queue | Villager (Male) |
| 25:49 | Queue | Villager (Male) |
Build order — LM | Scogx
First 150 of 279 actions detected
| 0:20 | Build | Town Center |
| 2:12 | Build | House |
| 2:46 | Queue | Villager (Male) |
| 2:46 | Queue | Villager (Male) |
| 2:48 | Queue | Villager (Male) |
| 3:02 | Queue | Villager (Male) |
| 4:06 | Queue | Villager (Male) |
| 4:34 | Queue | Villager (Male) |
| 4:47 | Research | Loom |
| 4:57 | Queue | Villager (Male) |
| 5:12 | Build | Palisade Gate |
| 5:17 | Queue | Villager (Male) |
| 5:22 | Build | Palisade Gate |
| 5:28 | Queue | Villager (Male) |
| 5:30 | Build | House |
| 5:35 | Build | Palisade Gate |
| 5:38 | Build | Palisade Gate |
| 5:58 | Queue | Villager (Male) |
| 6:38 | Queue | Villager (Male) |
| 6:53 | Build | Lumber Camp |
| 7:10 | Queue | Villager (Male) |
| 7:20 | Queue | Villager (Male) |
| 7:32 | Queue | Villager (Male) |
| 7:38 | Build | House |
| 8:19 | Queue | Villager (Male) |
| 8:56 | Queue | Villager (Male) |
| 9:12 | Build | Mill |
| 9:15 | Queue | Villager (Male) |
| 9:16 | Build | House |
| 9:30 | Build | House |
| 9:47 | Queue | Villager (Male) |
| 9:59 | Build | House |
| 10:17 | Queue | Villager (Male) |
| 10:35 | Research | Feudal Age |
| 11:14 | Build | Palisade Wall |
| 11:15 | Build | Palisade Wall |
| 11:16 | Build | Palisade Wall |
| 11:21 | Build | Palisade Wall |
| 11:25 | Build | Palisade Wall |
| 11:37 | Build | Barracks |
| 11:45 | Queue | Villager (Male) |
| 12:39 | Build | House |
| 12:45 | Age | Feudal Age |
| 12:48 | Build | Stable |
| 12:50 | Build | Palisade Wall |
| 12:57 | Research | Double-Bit Axe |
| 12:58 | Queue | Villager (Male) |
| 13:05 | Build | House |
| 13:19 | Build | House |
| 13:29 | Queue | Villager (Male) |
| 13:31 | Queue | Scout Cavalry |
| 13:31 | Queue | Scout Cavalry |
| 13:32 | Queue | Villager (Male) |
| 13:41 | Queue | Villager (Male) |
| 13:44 | Build | House |
| 14:08 | Build | House |
| 14:15 | Queue | Scout Cavalry |
| 14:20 | Research | Horse Collar |
| 14:22 | Queue | Villager (Male) |
| 14:35 | Build | Palisade Wall |
| 14:42 | Queue | Villager (Male) |
| 14:56 | Queue | Villager (Male) |
| 15:00 | Build | Farm |
| 15:01 | Build | Farm |
| 15:02 | Queue | Villager (Male) |
| 15:09 | Queue | Villager (Male) |
| 15:20 | Queue | Scout Cavalry |
| 15:24 | Build | Farm |
| 15:30 | Queue | Scout Cavalry |
| 15:44 | Build | Farm |
| 15:52 | Queue | Scout Cavalry |
| 15:55 | Build | House |
| 15:58 | Build | Farm |
| 15:59 | Queue | Villager (Male) |
| 16:13 | Queue | Villager (Male) |
| 16:25 | Queue | Scout Cavalry |
| 16:26 | Queue | Villager (Male) |
| 16:45 | Queue | Villager (Male) |
| 16:48 | Queue | Scout Cavalry |
| 16:57 | Build | Mining Camp |
| 16:59 | Build | House |
| 17:05 | Build | Farm |
| 17:21 | Queue | Scout Cavalry |
| 17:30 | Build | Farm |
| 17:44 | Queue | Villager (Male) |
| 17:56 | Queue | Villager (Male) |
| 18:09 | Queue | Scout Cavalry |
| 18:18 | Build | Mining Camp |
| 18:32 | Build | Market |
| 19:02 | Build | Farm |
| 19:14 | Build | House |
| 19:25 | Queue | Villager (Male) |
| 20:00 | Queue | Villager (Male) |
| 20:29 | Research | Castle Age |
| 20:52 | Queue | Villager (Male) |
| 21:19 | Build | Farm |
| 21:20 | Build | Farm |
| 22:30 | Build | House |
| 22:33 | Build | House |
| 22:37 | Build | House |
| 23:09 | Age | Castle Age |
| 23:15 | Research | Light Cavalry (upgrade) |
| 23:17 | Queue | Villager (Male) |
| 23:27 | Build | Castle |
| 23:29 | Build | Palisade Wall |
| 23:34 | Build | Palisade Wall |
| 23:35 | Build | Palisade Wall |
| 23:39 | Research | Bow Saw |
| 23:43 | Queue | Villager (Male) |
| 24:10 | Queue | Villager (Male) |
| 24:21 | Build | Town Center |
| 24:22 | Queue | Villager (Male) |
| 24:30 | Queue | Villager (Male) |
| 24:46 | Queue | Magyar Huszar |
| 24:46 | Queue | Magyar Huszar |
| 25:09 | Queue | Magyar Huszar |
| 25:13 | Build | Farm |
| 25:14 | Build | Farm |
| 25:22 | Queue | Magyar Huszar |
| 25:26 | Build | Farm |
| 25:27 | Build | Farm |
| 25:30 | Build | Farm |
| 25:35 | Build | Farm |
| 25:36 | Build | Farm |
| 25:37 | Build | Farm |
| 25:38 | Build | Farm |
| 25:39 | Build | Farm |
| 25:41 | Build | Farm |
| 25:42 | Queue | Villager (Male) |
| 25:47 | Queue | Villager (Male) |
| 25:51 | Build | Monastery |
| 26:10 | Queue | Villager (Male) |
| 26:16 | Build | Lumber Camp |
| 26:22 | Queue | Magyar Huszar |
| 26:29 | Queue | Villager (Male) |
| 26:29 | Queue | Villager (Male) |
| 26:34 | Build | Farm |
| 26:36 | Build | Farm |
| 26:44 | Queue | Villager (Male) |
| 26:58 | Queue | Magyar Huszar |
| 26:58 | Queue | Villager (Male) |
| 27:19 | Research | Bow Saw |
| 27:20 | Queue | Villager (Male) |
| 27:29 | Queue | Monk |
| 27:31 | Queue | Villager (Male) |
| 27:33 | Build | Blacksmith |
| 27:35 | Build | House |
| 27:39 | Queue | Villager (Male) |
| 27:54 | Queue | Villager (Male) |
| 28:20 | Queue | Monk |
Build order — LM | MaisterNippon
First 150 of 303 actions detected
| 0:06 | Build | Town Center |
| 0:18 | Build | House |
| 2:13 | Queue | Villager (Male) |
| 2:13 | Queue | Villager (Male) |
| 2:24 | Queue | Villager (Male) |
| 2:34 | Queue | Villager (Male) |
| 3:05 | Queue | Villager (Male) |
| 3:42 | Queue | Villager (Male) |
| 3:59 | Build | House |
| 4:02 | Build | Lumber Camp |
| 4:04 | Queue | Villager (Male) |
| 4:34 | Queue | Villager (Male) |
| 4:56 | Queue | Villager (Male) |
| 5:45 | Queue | Villager (Male) |
| 6:01 | Queue | Villager (Male) |
| 6:10 | Build | House |
| 6:19 | Build | Dock |
| 6:31 | Queue | Villager (Male) |
| 7:03 | Queue | Fishing Ship |
| 7:12 | Queue | Villager (Male) |
| 7:14 | Build | Palisade Wall |
| 7:17 | Build | House |
| 7:23 | Queue | Villager (Male) |
| 7:38 | Queue | Villager (Male) |
| 7:41 | Queue | Fishing Ship |
| 8:04 | Build | House |
| 8:22 | Queue | Villager (Male) |
| 8:23 | Queue | Fishing Ship |
| 8:51 | Queue | Villager (Male) |
| 8:53 | Queue | Villager (Male) |
| 8:54 | Queue | Fishing Ship |
| 8:59 | Build | House |
| 9:32 | Build | Mining Camp |
| 9:36 | Queue | Villager (Male) |
| 9:39 | Build | House |
| 9:55 | Build | House |
| 10:03 | Queue | Villager (Male) |
| 10:08 | Queue | Villager (Male) |
| 10:18 | Build | Mining Camp |
| 10:27 | Build | House |
| 10:57 | Queue | Villager (Male) |
| 11:02 | Build | House |
| 11:07 | Build | House |
| 11:15 | Research | Loom |
| 11:30 | Build | House |
| 11:57 | Research | Feudal Age |
| 12:13 | Build | Palisade Wall |
| 12:14 | Build | Palisade Wall |
| 12:17 | Build | Palisade Wall |
| 12:21 | Build | Palisade Wall |
| 12:22 | Build | Palisade Wall |
| 12:25 | Build | Palisade Wall |
| 12:41 | Build | House |
| 12:43 | Build | Palisade Wall |
| 12:47 | Build | House |
| 12:48 | Build | Palisade Wall |
| 12:54 | Queue | Fishing Ship |
| 13:42 | Queue | Villager (Male) |
| 13:50 | Queue | Villager (Male) |
| 14:07 | Age | Feudal Age |
| 14:09 | Build | Stone Wall |
| 14:10 | Build | Mill |
| 14:15 | Build | Blacksmith |
| 14:30 | Build | Fish Trap |
| 14:34 | Build | Fish Trap |
| 14:44 | Build | Market |
| 14:56 | Queue | Villager (Male) |
| 15:34 | Research | Castle Age |
| 16:29 | Research | Double-Bit Axe |
| 17:09 | Queue | Fishing Ship |
| 17:20 | Research | Fishing Lines |
| 17:28 | Research | Fletching |
| 17:38 | Queue | Villager (Male) |
| 18:14 | Age | Castle Age |
| 18:16 | Build | Castle |
| 18:18 | Build | Fish Trap |
| 18:22 | Build | Fish Trap |
| 18:26 | Build | Fish Trap |
| 18:30 | Build | Fish Trap |
| 18:30 | Queue | Villager (Male) |
| 18:42 | Queue | Villager (Male) |
| 18:45 | Research | Bow Saw |
| 18:47 | Queue | Villager (Male) |
| 18:52 | Queue | Villager (Male) |
| 18:56 | Queue | Fishing Ship |
| 19:09 | Build | Town Center |
| 19:16 | Research | Town Watch |
| 19:21 | Queue | Villager (Male) |
| 19:22 | Queue | Rattan Archer |
| 19:23 | Queue | Rattan Archer |
| 19:25 | Queue | Villager (Male) |
| 19:41 | Queue | Villager (Male) |
| 19:42 | Queue | Rattan Archer |
| 20:06 | Build | Fish Trap |
| 20:11 | Queue | Villager (Male) |
| 20:11 | Queue | Villager (Male) |
| 20:12 | Queue | Rattan Archer |
| 20:16 | Queue | Villager (Male) |
| 20:19 | Research | Bodkin Arrow |
| 20:27 | Queue | Villager (Male) |
| 20:42 | Build | Farm |
| 20:44 | Build | Farm |
| 20:45 | Build | Farm |
| 20:49 | Queue | Rattan Archer |
| 20:50 | Queue | Villager (Male) |
| 20:56 | Build | Farm |
| 21:14 | Queue | Villager (Male) |
| 21:23 | Queue | Villager (Male) |
| 21:24 | Queue | Villager (Male) |
| 21:36 | Queue | Rattan Archer |
| 21:43 | Build | Siege Workshop |
| 21:44 | Queue | Villager (Male) |
| 21:56 | Queue | Rattan Archer |
| 22:10 | Queue | Villager (Male) |
| 22:10 | Queue | Villager (Male) |
| 22:12 | Build | House |
| 22:20 | Queue | Rattan Archer |
| 22:24 | Build | Monastery |
| 22:26 | Queue | Villager (Male) |
| 22:27 | Build | House |
| 22:37 | Build | Farm |
| 22:38 | Build | Farm |
| 22:38 | Queue | Villager (Male) |
| 22:40 | Queue | Rattan Archer |
| 22:45 | Queue | Villager (Male) |
| 22:54 | Queue | Villager (Male) |
| 22:56 | Build | Farm |
| 23:21 | Queue | Rattan Archer |
| 23:22 | Queue | Rattan Archer |
| 23:23 | Queue | Monk |
| 23:25 | Build | House |
| 23:27 | Queue | Villager (Male) |
| 23:27 | Queue | Villager (Male) |
| 23:30 | Build | Farm |
| 23:39 | Queue | Rattan Archer |
| 23:51 | Queue | Rattan Archer |
| 23:58 | Queue | Villager (Male) |
| 23:59 | Queue | Villager (Male) |
| 23:59 | Queue | Villager (Male) |
| 24:02 | Queue | Monk |
| 24:12 | Queue | Rattan Archer |
| 24:13 | Queue | Villager (Male) |
| 24:13 | Queue | Villager (Male) |
| 24:16 | Build | Farm |
| 24:22 | Queue | Villager (Male) |
| 24:32 | Research | Padded Archer Armor |
| 24:41 | Queue | Villager (Male) |
| 24:44 | Build | Farm |
| 24:45 | Build | Farm |
| 24:46 | Build | Farm |
Match timeline
| 2:54 | Molle · wall_segment Palisade Wall x1 |
| 2:55 | Molle · wall_segment Palisade Wall x1 |
| 2:56 | Molle · wall_segment Palisade Wall x1 |
| 2:57 | Molle · wall_segment Palisade Wall x1 |
| 3:37 | LM | kingofthrowing123 · wall_segment Palisade Wall x1 |
| 3:43 | LM | kingofthrowing123 · wall_segment Palisade Wall x1 |
| 4:02 | LM | kingofthrowing123 · wall_segment Palisade Wall x1 |
| 4:22 | LM | kingofthrowing123 · wall_segment Palisade Wall x1 |
| 4:29 | LM | kingofthrowing123 · wall_segment Palisade Wall x1 |
| 5:12 | Molle · wall_segment Palisade Wall x1 |
| 5:27 | Molle · wall_segment Palisade Wall x1 |
| 5:43 | Molle · wall_segment Palisade Wall x1 |
| 6:19 | LM | MaisterNippon · first_building Dock |
| 6:39 | LM | kingofthrowing123 · wall_segment Palisade Wall x1 |
| 6:48 | NOC | Nervkeks · wall_segment Palisade Wall x6 |
| 7:14 | LM | MaisterNippon · wall_segment Palisade Wall x1 |
| 7:34 | Molle · wall_segment Palisade Wall x1 |
| 7:38 | Molle · wall_segment Palisade Wall x1 |
| 8:10 | LM | kingofthrowing123 · wall_segment Palisade Wall x1 |
| 8:11 | NOC | Nervkeks · first_building Dock |
| 8:12 | NOC | Mr.Dobbsn · first_building Dock |
| 8:14 | LM | kingofthrowing123 · wall_segment Palisade Wall x1 |
| 8:15 | LM | kingofthrowing123 · wall_segment Palisade Wall x1 |
| 8:15 | LM | kingofthrowing123 · wall_segment Palisade Wall x1 |
| 8:16 | LM | kingofthrowing123 · wall_segment Palisade Wall x1 |
| 8:40 | Molle · wall_segment Palisade Wall x1 |
| 8:48 | Molle · wall_segment Palisade Wall x1 |
| 8:52 | Molle · wall_segment Palisade Wall x1 |
| 9:00 | Molle · wall_segment Palisade Wall x1 |
| 9:17 | NOC | Nervkeks · wall_segment Palisade Wall x1 |
| 9:18 | Molle · wall_segment Palisade Wall x1 |
| 9:28 | NOC | Nervkeks · wall_segment Palisade Wall x1 |
| 9:32 | NOC | Nervkeks · wall_segment Palisade Wall x1 |
| 9:39 | NOC | Mr.Dobbsn · first_building Barracks |
| 10:27 | NOC | Mr.Dobbsn · wall_segment Palisade Wall x1 |
| 10:30 | LM | kingofthrowing123 · wall_segment Palisade Wall x1 |
| 10:34 | LM | kingofthrowing123 · wall_segment Palisade Wall x1 |
| 10:35 | LM | kingofthrowing123 · wall_segment Palisade Wall x1 |
| 10:36 | LM | kingofthrowing123 · wall_segment Palisade Wall x1 |
| 10:58 | NOC | Mr.Dobbsn · age_up feudal |
| 11:03 | NOC | Mr.Dobbsn · first_building Stable |
| 11:14 | LM | Scogx · wall_segment Palisade Wall x1 |
| 11:15 | LM | Scogx · wall_segment Palisade Wall x1 |
| 11:16 | LM | Scogx · wall_segment Palisade Wall x1 |
| 11:21 | LM | Scogx · wall_segment Palisade Wall x1 |
| 11:25 | LM | Scogx · wall_segment Palisade Wall x1 |
| 11:37 | LM | Scogx · first_building Barracks |
| 12:13 | LM | MaisterNippon · wall_segment Palisade Wall x1 |
| 12:14 | LM | MaisterNippon · wall_segment Palisade Wall x1 |
| 12:17 | LM | MaisterNippon · wall_segment Palisade Wall x1 |
| 12:21 | LM | MaisterNippon · wall_segment Palisade Wall x1 |
| 12:22 | LM | MaisterNippon · wall_segment Palisade Wall x1 |
| 12:25 | LM | MaisterNippon · wall_segment Palisade Wall x1 |
| 12:37 | NOC | Nervkeks · wall_segment Palisade Wall x1 |
| 12:42 | LM | kingofthrowing123 · age_up feudal |
| 12:42 | NOC | Nervkeks · wall_segment Palisade Wall x1 |
| 12:43 | LM | MaisterNippon · wall_segment Palisade Wall x2 |
| 12:45 | LM | Scogx · age_up feudal |
| 12:48 | LM | Scogx · first_building Stable |
| 12:48 | LM | MaisterNippon · wall_segment Palisade Wall x1 |
| 12:50 | LM | Scogx · wall_segment Palisade Wall x1 |
| 13:01 | Molle · wall_segment Palisade Wall x4 |
| 13:05 | Molle · wall_segment Palisade Wall x1 |
| 13:09 | Molle · wall_segment Palisade Wall x19 |
| 13:14 | Molle · wall_segment Palisade Wall x12 |
| 13:34 | LM | kingofthrowing123 · first_market_sell 100 stone |
| 13:34 | LM | kingofthrowing123 · first_market_buy 100 food |
| 13:43 | Molle · wall_segment Palisade Wall x2 |
| 14:03 | NOC | Nervkeks · age_up feudal |
| 14:07 | LM | MaisterNippon · age_up feudal |
| 14:09 | LM | MaisterNippon · wall_segment Stone Wall x1 |
| 14:12 | Molle · wall_segment Palisade Wall x3 |
| 14:17 | Molle · wall_segment Palisade Wall x1 |
| 14:22 | NOC | Mr.Dobbsn · wall_segment Palisade Wall x1 |
| 14:27 | Molle · first_building Barracks |
| 14:35 | LM | Scogx · wall_segment Palisade Wall x9 |
| 14:53 | NOC | Mr.Dobbsn · wall_segment Palisade Wall x1 |
| 15:17 | Molle · age_up feudal |
| 15:19 | Molle · first_building Stable |
| 15:32 | NOC | Nervkeks · first_market_buy 100 food |
| 15:33 | LM | MaisterNippon · first_market_sell 100 wood |
| 15:34 | LM | MaisterNippon · first_market_buy 100 food |
| 15:46 | NOC | Mr.Dobbsn · wall_segment Palisade Wall x11 |
| 15:47 | NOC | Mr.Dobbsn · wall_segment Palisade Wall x1 |
| 16:22 | LM | kingofthrowing123 · age_up castle |
| 16:29 | NOC | Mr.Dobbsn · wall_segment Palisade Wall x1 |
| 16:37 | LM | kingofthrowing123 · first_building Castle |
| 17:00 | NOC | Mr.Dobbsn · wall_segment Palisade Wall x2 |
| 17:10 | NOC | Mr.Dobbsn · wall_segment Palisade Wall x1 |
| 17:12 | NOC | Mr.Dobbsn · wall_segment Palisade Wall x1 |
| 17:17 | NOC | Mr.Dobbsn · wall_segment Palisade Wall x1 |
| 17:18 | NOC | Mr.Dobbsn · wall_segment Palisade Wall x3 |
| 17:28 | LM | kingofthrowing123 · wall_segment Palisade Wall x1 |
| 18:14 | LM | MaisterNippon · age_up castle |
| 18:16 | LM | MaisterNippon · first_building Castle |
| 18:34 | LM | kingofthrowing123 · first_building Siege Workshop |
| 18:38 | Molle · first_building Dock |
| 19:01 | Molle · age_up castle |
| 19:45 | NOC | Mr.Dobbsn · age_up castle |
| 20:28 | NOC | Mr.Dobbsn · first_market_sell 100 food |
| 20:29 | NOC | Mr.Dobbsn · first_market_buy 100 stone |
| 20:29 | LM | Scogx · first_market_buy 100 food |
| 21:43 | LM | MaisterNippon · first_building Siege Workshop |
| 21:46 | NOC | Nervkeks · age_up castle |
| 22:01 | Molle · wall_segment Stone Wall x1 |
| 22:24 | LM | MaisterNippon · first_building Monastery |
| 23:09 | LM | Scogx · age_up castle |
| 23:27 | LM | Scogx · first_building Castle |
| 23:29 | LM | Scogx · wall_segment Palisade Wall x1 |
| 23:34 | LM | Scogx · wall_segment Palisade Wall x1 |
| 23:35 | LM | Scogx · wall_segment Palisade Wall x1 |
| 23:57 | NOC | Nervkeks · first_building Siege Workshop |
| 24:53 | NOC | Mr.Dobbsn · wall_segment Palisade Wall x1 |
| 25:03 | NOC | Mr.Dobbsn · wall_segment Palisade Wall x1 |
| 25:05 | NOC | Mr.Dobbsn · wall_segment Palisade Wall x1 |
| 25:22 | NOC | Mr.Dobbsn · wall_segment Palisade Wall x1 |
| 25:24 | NOC | Mr.Dobbsn · wall_segment Palisade Wall x1 |
| 25:51 | LM | Scogx · first_building Monastery |
| 26:56 | NOC | Nervkeks · first_market_sell 100 wood |
| 27:36 | Molle · first_market_sell 100 wood |
| 27:38 | Molle · first_market_buy 100 food |
| 28:25 | LM | Scogx · first_building Siege Workshop |
| 29:28 | Molle · wall_segment Stone Wall x2 |
| 29:54 | Molle · first_building Siege Workshop |
| 30:23 | Molle · wall_segment Palisade Wall x1 |
| 30:30 | Molle · wall_segment Palisade Wall x1 |
| 30:56 | Molle · wall_segment Palisade Wall x1 |
| 31:00 | NOC | Nervkeks · first_building Monastery |
| 31:09 | LM | MaisterNippon · wall_segment Palisade Wall x1 |
| 31:11 | LM | MaisterNippon · wall_segment Palisade Wall x1 |
| 31:12 | LM | MaisterNippon · wall_segment Palisade Wall x1 |
| 31:39 | Molle · first_building Castle |
| 32:41 | NOC | Nervkeks · wall_segment Stone Wall x3 |
| 32:51 | NOC | Nervkeks · wall_segment Stone Wall x1 |
| 32:52 | NOC | Nervkeks · wall_segment Stone Wall x1 |
| 33:13 | NOC | Nervkeks · wall_segment Stone Wall x2 |
| 34:02 | NOC | Mr.Dobbsn · wall_segment Palisade Wall x1 |
| 35:10 | LM | Scogx · first_market_sell 100 wood |
| 35:46 | NOC | Nervkeks · age_up imperial |
| 36:35 | LM | MaisterNippon · age_up imperial |
| 37:03 | LM | kingofthrowing123 · first_building Barracks |
| 37:32 | NOC | Nervkeks · first_building Barracks |
| 37:39 | Molle · resign |
[ AI ANALYSIS · 1 CREDIT ]
What really happened in this match?
Wolo.gg analyzes every decision: build order, eco, micro, common mistakes by bracket. Personalized analysis on WhatsApp or Discord in 30 seconds.
Civ guide
Hindustanis
Perfil
Jugador #2808827